 Dungeon Crawl Stone Soup version 0.27-a0-1196-g3e9cee4cb2 (webtiles) character file.

Game seed: 10911436077124509274

117 coolguy69 the Chopper (level 5, 0/46 HPs)
             Began as a Hill Orc Fighter on May 28, 2021.
             Slain by a gnoll
             ... wielding a +0 flail
              (4 damage)
             ... on level 4 of the Dungeon.
             The game lasted 00:01:43 (2944 turns).

coolguy69 the Chopper (Hill Orc Fighter)            Turns: 2944, Time: 00:01:44

Health: 0/46       AC:  7    Str: 19    XL:     5   Next: 1%
Magic:  5/5        EV:  7    Int:  8    God:
Gold:   175        SH:  9    Dex: 11    Spells: 4/4 levels left

rFire    . . .     SeeInvis .   a - +0 war axe
rCold    . . .     Faith    .   c - +0 kite shield
rNeg     . . .     Spirit   .   b - +0 scale mail
rPois    .         Reflect  .   (no helmet)
rElec    .         Harm     .   (no cloak)
rCorr    .         Rampage  .   (no gloves)
Will     .....                  (no boots)
Stlth    ..........             (no amulet)
HPRegen  0.15/turn              (no ring)
MPRegen  0.09/turn              (no ring)

@: mighty, lethally poisoned (0 -> -1)
A: no striking features
a: no special abilities


You were on level 4 of the Dungeon.
You visited 1 branch of the dungeon, and saw 4 of its levels.

You collected 175 gold pieces.

Inventory:

Hand Weapons
 a - a +0 war axe (weapon)
Missiles
 g - 4 curare-tipped darts (quivered)
Armour
 b - a +0 scale mail (worn)
 c - a +0 kite shield (worn)
Jewellery
 j - an amulet of faith
Scrolls
 f - a scroll of blinking {unknown}
 i - a scroll of immolation {unknown}
Potions
 d - a potion of might
 e - 2 potions of magic {unknown}
 h - a potion of lignification {unknown}
 k - a potion of ambrosia {unknown}
 l - a potion of curing {unknown}


   Skills:
 + Level 4.2 Fighting
 + Level 4.2 Axes
 + Level 4.2 Armour
 + Level 0.8 Dodging
 + Level 3.8 Shields


You had 4 spell levels left.
You didn't know any spells.
Your spell library contained the following spells:

 Spells                   Type           Power      Damage    Failure   Level
 Animate Skeleton         Necr           0%         N/A       99%         1
 Apportation              Tloc           0%         N/A       99%         1
 Corona                   Hex            0%         N/A       99%         1
 Sting                    Tmut/Pois      0%         1d3       99%         1
 Summon Small Mammal      Summ           0%         N/A       99%         1
 Poisonous Vapours        Pois/Air       0%         N/A       100%        2
 Ignite Poison            Fire/Tmut/Pois 0%         N/A       100%        3
 Mephitic Cloud           Conj/Pois/Air  0%         N/A       100%        3
 Olgreb's Toxic Radiance  Pois           0%         N/A       100%        4


Dungeon Overview and Level Annotations

Branches:
Dungeon (4/15)
 Temple: D:4-7

Altars:


Message History

A gnoll comes into view. It is wielding a +0 flail.
You see here a pink potion.
There are monsters nearby!
A gnoll comes into view. It is wielding a +0 spear.
The gnoll shouts!
You hear a shout!
A gnoll comes into view. It is wielding a +0 club.
Found a stone staircase leading up.
There are monsters nearby!
You closely miss the adder. The adder bites you.
You are poisoned.
The adder poisons you! The adder bites you but does no damage.
There are monsters nearby!
You barely miss the adder.
You feel sick. The adder barely misses you.
The adder bites you but does no damage.
You hit the gnoll.
The gnoll is moderately wounded.
You closely miss the adder.
You feel sick. The adder bites you. The gnoll hits you with a +0 flail.
The adder bites you.
You are more poisoned.
The adder poisons you! You block the gnoll's attack.
The gnoll hits you but does no damage.
You feel sick.
You see here a pink potion.
You feel very mighty all of a sudden.
You feel sick. The adder bites you. You block the adder's attack.
The gnoll hits you from afar with a +0 spear.
You slash the adder!
You kill the adder!
You feel sick. You block the gnoll's attack.
You have reached level 5!
You feel stronger.
You barely miss the gnoll.
The gnoll is moderately wounded.
You feel sick. The gnoll hits you but does no damage.
You block the gnoll's attack. x2; The gnoll hits you with a +0 flail!
* * * LOW HITPOINT WARNING * * *
You closely miss the gnoll.
The gnoll is moderately wounded.
You feel sick. The gnoll hits you with a +0 flail.
You die...

#.........#####
##>.............
.......#..######
###.......###
#.###...>.###
...###..##...#...#
.........###.....###
#............#
#@####.....#.. #g#
#.##### . #.gg...#.#
#......#.#
#......#.#
.......#.#
........#..
.........##.
....<......


You could see 3 gnolls.

Vanquished Creatures
  A hound skeleton (D:4)
  4 adders
  An orc (D:3)
  6 bats
  8 endoplasms
  3 giant cockroaches
  4 hobgoblins
  2 jackals (D:2)
  4 kobolds
  2 quokkas (D:3)
  3 ball pythons
  5 frilled lizards
  10 goblins
  10 rats
63 creatures vanquished.

Notes
Turn   | Place    | Note
-------+----------+-------------------------------------------
     0 | D:1      | coolguy69 the Hill Orc Fighter began the quest for the Orb.
     0 | D:1      | Reached XP level 1. HP: 19/19 MP: 1/1
    61 | D:1      | Found a faded altar of an unknown god.
   107 | D:1      | Reached XP level 2. HP: 27/27 MP: 2/2
   540 | D:1      | Reached XP level 3. HP: 28/33 MP: 3/3
  1674 | D:3      | Reached XP level 4. HP: 10/40 MP: 4/4
  2943 | D:4      | Reached XP level 5. HP: 14/46 MP: 5/5
  2944 | D:4      | Slain by a gnoll

Illustrated notes

Levels and vault maps discovered:
D:1:      lightli_arrival_noodles, layout_loops_ring,
          ebering_ecumenical_altar_petrified, wad_floor_pattern_2
D:2:      layout_basic, kennysheep_cluttered_room, kennysheep_generic_room_9
D:3:      layout_basic, minmay_surrounded
D:4:      layout_rooms

Skill      XL: |  1  2  3  4 |
---------------+-------------+-----
Axes           | 3 4 |  4.2
Fighting       | 4 |  4.2
Armour         | 4 |  4.2
Dodging        | |  0.8
Shields        | |  3.8

Action                   |  1- 3 |  4- 6 || total
-------------------------+-------+-------++-------
Melee: War axe           |   135 |    50 ||   185
  Use: Potion            |       |     1 ||     1
Armor: Scale mail        |    67 |    31 ||    98
Dodge: Dodged            |    54 |    18 ||    72
Block: Kite shield       |    75 |    23 ||    98

Table legend: (Time is in decaauts)
 A = Elapsed time spent in this place.
 B = Non-inter-level travel time spent in this place.
 C = Inter-level travel time spent in this place.
 D = Time resting spent in this place.
 E = Time spent auto-exploring this place.
 F = Levels seen in this place.
 G = Mean time per level.
                   A        B        C        D        E       F      G
               +--------+--------+--------+--------+--------+-----+--------+
         Total |   3043 |   2903 |    140 |    283 |   2166 |   4 |  760.8 |
       Dungeon |   3043 |   2903 |    140 |    283 |   2166 |   4 |  760.8 |
               +--------+--------+--------+--------+--------+-----+--------+

Top non-repeatable levels by time:
     D:3: 1276 daAuts
     D:1: 859 daAuts
     D:2: 848 daAuts
     D:4: 59 daAuts
